Map: Terrasses de Prion

Players

zidar - Winner!

  • Race: Zerg Zerg
  • League: Silver
  • Spawn Location: 11:00

Wizzi

  • Race: Zerg Zerg
  • League: Silver
  • Spawn Location: 5:00

VOD

Have the link to the VOD?

Description

Time

  • Played on: Dec. 16, 2015, 1:48 p.m.
  • Length: 3:00
Show
View Real Time Build Order
Export as new Build Order

zidar Zerg - Winner!

Build Orders: Pool Only 

Get SALT Encoding   

  12  0:01  Drone  
  13  0:08  Drone  
  14  0:18  Extractor  
  14  0:19  Drone  
  14  0:33  Spawning Pool  
  13  0:38  Drone  
  14  0:49  Overlord  
  14  0:54  Overlord  
  14  1:20  Queen, Zergling x2  
  14  1:22  Metabolic Boost  
  17  1:27  Zergling x2  
  19  1:32  Zergling x2  
  19  1:39  Zergling x2  
  20  1:43  Zergling x2  
  21  1:54  Zergling x2  
  22  2:10  Zergling x2  
  23  2:25  Zergling x2  
  23  2:29  Zergling x2  
  25  2:30  Zergling x6  
Show
View Real Time Build Order
Export as new Build Order

Wizzi Zerg 

Build Orders: Hatch First 

Get SALT Encoding   

  12  0:01  Drone  
  13  0:12  Overlord  
  13  0:17  Drone  
  14  0:22  Extractor  
  14  0:27  Drone  
  14  0:33  Drone  
  15  0:37  Drone  
  16  0:45  Drone  
  17  1:02  Hatchery  
  17  1:03  Drone  
  17  1:11  Drone  
  18  1:22  Spawning Pool  
  18  1:25  Drone  
  18  1:35  Drone  
  19  1:40  Overlord  
  19  2:12  Queen  
  19  2:14  Zergling x6  
  24  2:17  Queen  
  24  2:22  Drone  
  28  2:37  Drone x3  
  28  2:38  Drone  
Tags
 
Add a new tag
Caveats
  • Supply blocks, unpowered buildings, or Contaminate may cause inaccurate times.
  • Supply counts are checked every 10 seconds.